 Dungeon Crawl Stone Soup version 0.16-a0-2581-g6f3a107 (webtiles) character file.

120 stonewall the Skirmisher (level 4, -1/35 HPs)
             Began as a Mummy Arcane Marksman on Nov 21, 2014.
             Was an Initiate of Okawaru.
             Slain by a slave (5 damage)
             ... led by Pikel
             ... on level 3 of the Dungeon.
             The game lasted 00:06:11 (3395 turns).

stonewall the Skirmisher (Mummy Arcane Marksman)    Turns: 3395, Time: 00:06:12

Health: -1/35      AC:  8    Str: 15    XL:     4   Next: 75%
Magic:  5/5        EV:  5    Int: 12    God:    Okawaru [......]
Gold:   163        SH:  0    Dex: 11    Spells: 1 memorised, 4 levels left

rFire  . . .     SeeInvis .     i - +0 mace
rCold  . . .     Clarity  .     g - +0 chain mail
rNeg   + + +     SustAb   .     (no shield)
rPois  +         Gourm    .     (no helmet)
rElec  .         Spirit   .     (no cloak)
rCorr  .         Warding  .     (no gloves)
rMut   .         Stasis   .     (no boots)
MR     .....                    (no amulet)
Stlth  ..........               (no ring)
                                n - ring of fire

@: not resistant to hostile enchantments, extremely unstealthy
A: no food or potions, fire vulnerability, restore body, cold resistance 1,
negative energy resistance 3, poison resistance, torment resistance, unbreathing
a: Renounce Religion


You were on level 3 of the Dungeon.
You worshipped Okawaru.
Okawaru was noncommittal.
You were not hungry.

You visited 1 branch of the dungeon, and saw 4 of its levels.

You collected 163 gold pieces.

Inventory:

Hand weapons
 b - a +0 hunting sling
 i - a +0 mace (weapon)
 m - a +0 morningstar
Missiles
 c - 3 sling bullets
 e - 50 stones (quivered)
Armour
 a - a +0 robe
 g - a +0 chain mail (worn)
Jewellery
 n - a ring of fire (left hand)
Magical devices
 j - a wand of teleportation (6)
Scrolls
 f - 3 scrolls of identify {unknown}
 h - a scroll of fear {unknown}
 k - a scroll of random uselessness {unknown}
 l - a scroll of teleportation {unknown}
Books
 d - a book of Debilitation

   Spells                             Type                      Level
   *Corona                            Hexes                        1
   Slow                               Hexes                        2
   Inner Flame                        Hexes/Fire                   3
   Enslavement                        Hexes                        4
   Cause Fear                         Hexes                        4
   Leda's Liquefaction                Hexes/Earth                  4


   Skills:
 - Level 3.1 Fighting
 + Level 2.0 Maces & Flails
 - Level 1.8 Slings
 - Level 1.6 Dodging
 - Level 1.0 Spellcasting
 - Level 3.0 Hexes


You had 4 spell levels left.
You knew the following spells:

 Your Spells              Type           Power        Failure   Level  Hunger
a - Corona                Hex            #......      100%        1    N/A

Dungeon Overview and Level Annotations

Branches:
Dungeon (4/15)
 Temple: D:4-7

Altars:
Fedhas
Okawaru

Annotations:
D:2 exclusion: downstairs
D:4 Pikel


Innate Abilities, Weirdness & Mutations

You do not eat or drink.
Your flesh is vulnerable to fire.
Your flesh is cold resistant.
You are immune to negative energy.
Your system is resistant to poisons.
You are immune to unholy pain and torment.
You can survive without breathing.


Message History

The slave hits you but does no damage.
You hit the slave but do no damage.
The slave is heavily wounded.
The slave hits you.
You closely miss the slave.
The slave is heavily wounded.
The slave hits you. The slave hits you but does no damage.
You hit the slave but do no damage.
The slave is heavily wounded.
The slave barely misses you.
Your chain mail prevents you from hitting the slave.
The slave is heavily wounded.
The slave hits you.
* * * LOW HITPOINT WARNING * * *
You sock the slave!
The slave is severely wounded.
The slave hits you.
* * * LOW HITPOINT WARNING * * *
The slave hits you.
You die...

##### ## #.. ###...###.# ###
#.....>..# #.#...#.#.# # #
#.##.##.#.###.####
#....##.#.$[.....#
#.#####)##_#####<##.##.#
#.#####)....).........#
#.......[.p@..##.##.##.#####
#.######.........# # .##...
#.# #......##.# ...... .#.
#......##.# .##... ## .
#.......... #### .
####.####... .# #.# ##.# .
... . #.#


You could see a slave.

Vanquished Creatures
  Jessica (D:3)
  2 adders (D:2)
  4 worms
  A giant gecko (D:2)
  A ball python (D:1)
  6 bats
  8 goblins
  8 hobgoblins
  7 kobolds
  6 giant cockroaches
  A giant newt (D:2)
  18 rats
63 creatures vanquished.

Notes
Turn   | Place    | Note
--------------------------------------------------------------
     0 | D:1      | stonewall, the Mummy Arcane Marksman, began the quest for the Orb.
     0 | D:1      | Reached XP level 1. HP: 15/15 MP: 2/2
   241 | D:1      | Reached skill level 3 in Hexes
   241 | D:1      | Reached XP level 2. HP: 21/21 MP: 3/3
  1092 | D:1      | Reached XP level 3. HP: 27/27 MP: 4/4
  1697 | D:2      | Found an iron altar of Okawaru.
  1724 | D:2      | Became a worshipper of Warmaster Okawaru
  2373 | D:2      | Reached XP level 4. HP: 35/35 MP: 5/5
  2423 | D:2      | Reached skill level 1 in Maces & Flails
  3208 | D:3      | Noticed a centaur
  3227 | D:3      | Found a blossoming altar of Fedhas.
  3238 | D:3      | Noticed Jessica
  3251 | D:3      | Killed Jessica
  3358 | D:4      | Noticed a slave
  3358 | D:4      | Noticed a slave
  3361 | D:4      | Noticed Pikel
  3361 | D:4      | Noticed a slave
  3363 | D:4      | Noticed a slave
  3395 | D:3      | Slain by a slave

Action                   |  1- 3 |  4- 6 || total
-------------------------+-------+-------++-------
Melee: Unarmed           |    13 |       ||    13
       Mace              |    62 |    35 ||    97
       Morningstar       |     1 |    59 ||    60
 Fire: Hunting sling     |   160 |     3 ||   163
